[Event "Titled Tuesday Blitz March 28 Early 2023"]
[White "Vargas, Mauricio"]
[Black "Adithya A Chullikkad"]
[WhiteFideId "4404572"]
[BlackFideId "45078734"]
[WhiteElo "2025"]
[BlackElo "1984"]
[Result "0-1"]
[Round "05"]
[TimeControl "180+2"]
[Date "2023.03.28"]
[WhiteClock "0:00:03"]
[BlackClock "0:00:39"]

1. e4 c5 2. Nc3 d6 3. f4 a6 4. Nf3 Nc6 5. d3 Bg4 6. h3 Bxf3 7. Qxf3 e6 8. Qd1 Be7 9. g3 Nf6 10. Bg2 d5 11. e5 Nd7 12. O-O O-O 13. Ne2 Re8 14. c3 b5 15. Qe1 Rc8 16. Kh2 Qa5 17. a3 Qb6 18. g4 Na5 19. Rb1 d4 20. Be4 Nb3 21. g5 Nf8 22. Ng3 dxc3 23. bxc3 Nxc1 24. Qxc1 Qa5 25. Rg1 c4 26. d4 Bxa3 27. Qd1 Qxc3 28. Nh5 Red8 29. Nf6+ gxf6 30. gxf6+ Ng6 31. Qh5 Qd2+ 32. Rg2 Qxf4+ 33. Kh1 Qxe4 34. Qh6 Qxb1+ 35. Kh2 Bf8 36. Rxg6+ Qxg6 37. Qxg6+ hxg6 0-1


[Site "https://www.chess.com"]

[Event "Titled Tuesday Blitz March 28 Early 2023"]
[White "Palacio,Igor Da Paz"]
[Black "Nan, M K Khine Hlyan"]
[WhiteFideId "2121140"]
[BlackFideId "13002899"]
[WhiteElo "2126"]
[BlackElo "1943"]
[Result "1-0"]
[Round "05"]
[TimeControl "180+2"]
[Date "2023.03.28"]
[WhiteClock "0:00:04"]
[BlackClock "0:00:25"]

1. e4 d6 2. Nc3 Nf6 3. g3 g6 4. Bg2 Bg7 5. Nge2 O-O 6. O-O c5 7. d3 Nc6 8. Rb1 Rb8 9. a3 b5 10. f4 Bd7 11. h3 b4 12. axb4 Nxb4 13. g4 Ne8 14. Be3 Qc8 15. f5 Bc6 16. Nf4 Nc7 17. Rf2 Qd8 18. Rd2 e6 19. fxe6 fxe6 20. Qe1 e5 21. Nfd5 Ncxd5 22. Nxd5 Nxd5 23. exd5 Bd7 24. Be4 Qe7 25. c4 Rf7 26. Rf2 Rxf2 27. Qxf2 Rf8 28. Qg2 Qh4 29. Ra1 Bh6 30. Bf2 Qg5 31. Rd1 Qf4 32. Bh4 g5 33. Bg3 Qe3+ 34. Bf2 Qe2 35. Rb1 Qc2 36. d4 Qxc4 37. dxe5 dxe5 38. d6 Rf4 39. Bd5+ Kg7 40. Bxc4 Rxc4 41. Re1 Bc6 42. Qxc6 Rc2 43. d7 1-0


[Site "https://www.chess.com"]

[Event "Titled Tuesday Blitz March 28 Early 2023"]
[White "Semenova, Alina"]
[Black "Fabris, Alberto"]
[WhiteFideId "24113875"]
[BlackFideId "801348"]
[WhiteElo "1833"]
[BlackElo "2202"]
[Result "1-0"]
[Round "05"]
[TimeControl "180+2"]
[Date "2023.03.28"]
[WhiteClock "0:00:52"]
[BlackClock "0:00:04"]

1. e4 c5 2. Nf3 d6 3. d4 cxd4 4. Nxd4 Nf6 5. Nc3 a6 6. f3 e5 7. Nb3 Be6 8. Be3 Be7 9. Qd2 Qc7 10. O-O-O h5 11. Rg1 Nbd7 12. Kb1 Rc8 13. h3 h4 14. f4 exf4 15. Bxf4 Ne5 16. Nd5 Bxd5 17. exd5 b5 18. Bxe5 dxe5 19. d6 Bxd6 20. Qxd6 Qxc2+ 21. Ka1 Qc7 22. Qxc7 Rxc7 23. Be2 Ne4 24. Bf3 Ng3 25. Rge1 f6 26. Nd2 Ke7 27. Ne4 Nxe4 28. Bxe4 Rd8 29. Rxd8 Kxd8 30. Kb1 Ke7 31. b3 Ke6 32. Rf1 Rc3 33. Rf3 Rc7 34. Kb2 b4 35. Bd3 a5 36. Bc4+ Ke7 37. Kc2 Rd7 38. Rd3 Rxd3 39. Kxd3 f5 40. Ke3 Kd6 41. Bf7 g5 42. Bg6 Ke6 43. Bh7 Kf6 44. Kf3 Ke6 45. Ke3 Kf6 46. Bg8 Kg6 47. Kd3 Kf6 48. Kc4 g4 49. Kb5 e4 50. Kxa5 1-0


[Site "https://www.chess.com"]

[Event "Titled Tuesday Blitz March 28 Early 2023"]
[White "Dubov, Daniil"]
[Black "Makarian, Rudik"]
[WhiteFideId "24126055"]
[BlackFideId "44105681"]
[WhiteElo "2802"]
[BlackElo "2436"]
[Result "1-0"]
[Round "06"]
[TimeControl "180+2"]
[Date "2023.03.28"]
[WhiteClock "0:00:23"]
[BlackClock "0:00:09"]

1. d4 Nf6 2. c4 g6 3. Nc3 Bg7 4. e4 d6 5. Nf3 O-O 6. Be2 e5 7. O-O Na6 8. Re1 h6 9. Bf1 Bg4 10. d5 Nh7 11. h3 Bxf3 12. Qxf3 f5 13. Rb1 Nc5 14. b4 Nd7 15. c5 Ng5 16. Qd1 dxc5 17. bxc5 Nxc5 18. exf5 gxf5 19. Ba3 b6 20. Na4 e4 21. Nxc5 bxc5 22. Bxc5 Rf6 23. d6 Nf3+ 24. gxf3 Rg6+ 25. Kh1 Qg5 26. Bc4+ Kh7 27. Rg1 Qh4 28. Rxg6 Qxh3+ 29. Kg1 Be5 30. f4 Bxf4 31. Rg2 1-0


[Site "https://www.chess.com"]

[Event "Titled Tuesday Blitz March 28 Early 2023"]
[White "Le, Tuan Minh"]
[Black "Aradhya, Garg"]
[WhiteFideId "12401153"]
[BlackFideId "25006746"]
[WhiteElo "2558"]
[BlackElo "2263"]
[Result "1-0"]
[Round "06"]
[TimeControl "180+2"]
[Date "2023.03.28"]
[WhiteClock "0:01:39"]
[BlackClock "0:00:57"]

1. d4 d5 2. Nf3 Nf6 3. Bf4 c5 4. c3 Nc6 5. e3 Qb6 6. Qc2 g6 7. Nbd2 Bg7 8. Be2 O-O 9. O-O Bf5 10. Qb3 c4 11. Qa3 Nh5 12. Bg5 f6 13. Bh4 g5 14. Bg3 Nxg3 15. hxg3 Bg6 16. b3 cxb3 17. axb3 Rfc8 18. c4 e6 19. Rfc1 Bf8 20. c5 Qb4 21. Qb2 b5 22. Ra6 Bf7 23. Ne1 Bg6 24. Bd3 Nb8 25. Raa1 Bxc5 26. Bxg6 hxg6 27. Nd3 1-0


[Site "https://www.chess.com"]

[Event "Titled Tuesday Blitz March 28 Early 2023"]
[White "Preotu, Razvan"]
[Black "So, Wesley"]
[WhiteFideId "2613280"]
[BlackFideId "5202213"]
[WhiteElo "2407"]
[BlackElo "2739"]
[Result "0-1"]
[Round "06"]
[TimeControl "180+2"]
[Date "2023.03.28"]
[WhiteClock "0:00:01"]
[BlackClock "0:00:05"]

1. e4 e5 2. Nf3 Nc6 3. Bc4 Nf6 4. d3 Bc5 5. c3 O-O 6. O-O d6 7. Re1 Bb6 8. h3 Ne7 9. d4 Ng6 10. Bd3 Re8 11. Nbd2 c6 12. Bc2 Bc7 13. b4 d5 14. exd5 Nxd5 15. Bb2 exd4 16. Rxe8+ Qxe8 17. Nxd4 Bd7 18. Qf1 Qf8 19. Re1 Ndf4 20. Ne4 Nh4 21. Nc5 Nfxg2 22. Nxd7 Qd6 23. f4 Nxe1 24. Qxe1 Qxf4 25. Qf2 Qg5+ 26. Kf1 Bg3 27. Qe2 Bd6 28. Qg4 Qxg4 29. hxg4 Rd8 30. Nc5 Bxc5 31. bxc5 Rd5 32. Ba3 Rg5 33. Bd1 Ng6 34. Kf2 Ne5 35. Nf3 Nxg4+ 36. Kg3 Rg6 37. Nh4 Rg5 38. Bc1 Ne3+ 39. Kf4 Rg1 40. Bxe3 Rxd1 41. Nf3 Ra1 42. Ne5 Rxa2 43. Nd7 a5 44. Nb6 a4 45. Ke5 a3 46. Bd4 Rc2 47. c4 a2 48. Na4 Rd2 49. Bc3 Rd3 50. Ba1 Rd1 51. Bc3 h5 52. Nb6 h4 0-1


[Site "https://www.chess.com"]

[Event "Titled Tuesday Blitz March 28 Early 2023"]
[White "Bacrot, Etienne"]
[Black "Vachier-Lagrave, Maxime"]
[WhiteFideId "605506"]
[BlackFideId "623539"]
[WhiteElo "2663"]
[BlackElo "2740"]
[Result "0-1"]
[Round "06"]
[TimeControl "180+2"]
[Date "2023.03.28"]
[WhiteClock "0:00:06"]
[BlackClock "0:01:31"]

1. e4 c5 2. Nf3 Nc6 3. Bb5 g6 4. O-O Bg7 5. Re1 Nf6 6. Nc3 O-O 7. e5 Ng4 8. Bxc6 dxc6 9. h3 Nh6 10. d3 Nf5 11. Ne4 b6 12. Bf4 h6 13. h4 f6 14. e6 g5 15. hxg5 hxg5 16. Bd2 Qe8 17. g4 Nh6 18. Ng3 Nxg4 19. Nf5 Nh6 20. Nxh6+ Bxh6 21. Qe2 Qg6 22. Kg2 c4 23. Rh1 Bb7 24. Rxh6 Qxh6 25. Qe4 f5 26. Qe5 c5 27. Bc3 g4 0-1


[Site "https://www.chess.com"]

[Event "Titled Tuesday Blitz March 28 Early 2023"]
[White "Hansen, Eric"]
[Black "Andreikin, Dmitry"]
[WhiteFideId "2606771"]
[BlackFideId "4158814"]
[WhiteElo "2569"]
[BlackElo "2736"]
[Result "0-1"]
[Round "06"]
[TimeControl "180+2"]
[Date "2023.03.28"]
[WhiteClock "0:00:02"]
[BlackClock "0:00:16"]

1. e4 e6 2. d4 d5 3. Nd2 h6 4. Ngf3 Nf6 5. Bd3 c5 6. exd5 exd5 7. O-O c4 8. Re1+ Be7 9. Bf1 O-O 10. c3 Nc6 11. b3 b5 12. a4 b4 13. Bb2 cxb3 14. Bb5 Na5 15. Ne5 a6 16. Nxb3 Nxb3 17. Nc6 axb5 18. Nxd8 Nxa1 19. Nc6 Bd6 20. axb5 bxc3 21. Bxc3 Bd7 22. Bxa1 Rfc8 23. Ne7+ Bxe7 24. Rxe7 Bxb5 25. h3 Ra2 26. Qe1 Rcc2 27. Bc3 Ne4 28. Bb4 Rxf2 29. Rxe4 Rxg2+ 0-1


[Site "https://www.chess.com"]

[Event "Titled Tuesday Blitz March 28 Early 2023"]
[White "Dardha, Daniel"]
[Black "Lazavik, Denis"]
[WhiteFideId "240990"]
[BlackFideId "13515110"]
[WhiteElo "2581"]
[BlackElo "2560"]
[Result "1-0"]
[Round "06"]
[TimeControl "180+2"]
[Date "2023.03.28"]
[WhiteClock "0:00:06"]
[BlackClock "0:00:04"]

1. e4 c5 2. Qg4 Nf6 3. Qh4 Nc6 4. Nf3 d6 5. Bb5 Bd7 6. O-O e6 7. d3 Be7 8. Qg3 O-O 9. Bh6 Ne8 10. Nc3 Kh8 11. Bxc6 Bxc6 12. Be3 e5 13. Nd2 Bh4 14. Qg4 Bd7 15. Qe2 f5 16. f4 Bf6 17. fxe5 Bxe5 18. Nc4 Bxc3 19. bxc3 Qe7 20. exf5 b5 21. Na5 Bxf5 22. Rae1 Nc7 23. Bf4 Qf6 24. Nb7 Rae8 25. Qd2 Rxe1 26. Rxe1 Ne8 27. Bg5 Qg6 28. Be7 Rg8 29. Qf4 c4 30. dxc4 bxc4 31. Nd8 h6 32. h4 Kh7 33. Re3 Nf6 34. Qxd6 Ne4 35. Qxg6+ Bxg6 36. h5 Bf5 37. g4 Bxg4 38. Rxe4 Bxh5 39. Rxc4 Re8 40. Rc7 Kg6 41. c4 Kf5 42. Nb7 Rb8 43. Ba3 g5 44. c5 Bf3 45. c6 g4 46. Nd6+ Ke6 47. Nb7 g3 48. Re7+ Kf6 49. Bd6 Rh8 50. Re3 Bxc6 51. Be5+ Kf5 52. Bxh8 Bxb7 53. Rxg3 1-0


[Site "https://www.chess.com"]

[Event "Titled Tuesday Blitz March 28 Early 2023"]
[White "Shimanov, Aleksandr"]
[Black "Bluebaum, Matthias"]
[WhiteFideId "4198603"]
[BlackFideId "24651516"]
[WhiteElo "2631"]
[BlackElo "2638"]
[Result "1-0"]
[Round "06"]
[TimeControl "180+2"]
[Date "2023.03.28"]
[WhiteClock "0:00:14"]
[BlackClock "0:00:04"]

1. b3 d5 2. Bb2 c5 3. e3 a6 4. Nf3 Nc6 5. Be2 Nf6 6. O-O Bf5 7. Nh4 Bg6 8. c4 d4 9. e4 Bxe4 10. d3 Bg6 11. Bf3 Qd7 12. Re1 e6 13. Nxg6 hxg6 14. Nd2 Bd6 15. g3 Ne5 16. Be2 g5 17. Nf3 Nxf3+ 18. Bxf3 e5 19. Bg2 g4 20. b4 Qc7 21. bxc5 Bxc5 22. Qe2 Rh5 23. Rab1 Kf8 24. Bc1 Rb8 25. f3 Qd7 26. fxg4 Nxg4 27. h3 Nf6 28. g4 Rh8 29. Qxe5 Bd6 30. Qg5 Qc7 31. Rf1 Bh2+ 32. Kh1 Bg3 33. Ba3+ Kg8 34. Rxf6 Bh4 35. Qf4 Qd7 36. Qxb8+ Kh7 37. Be4+ g6 38. Qf4 Kg8 39. Kg2 Bxf6 40. Qxf6 Rh7 41. Bd5 Rh5 42. Qxg6+ Kh8 43. Qxh5+ Kg7 44. Qg5+ Kh7 45. Rxb7 Qxd5+ 46. cxd5 a5 47. Rxf7+ Kh8 48. Qg7# 1-0


[Site "https://www.chess.com"]

[Event "Titled Tuesday Blitz March 28 Early 2023"]
[White "Paravyan, David"]
[Black "Grigoriants, Sergey"]
[WhiteFideId "4194985"]
[BlackFideId "4130804"]
[WhiteElo "2577"]
[BlackElo "2502"]
[Result "1/2-1/2"]
[Round "06"]
[TimeControl "180+2"]
[Date "2023.03.28"]
[WhiteClock "0:01:45"]
[BlackClock "0:01:16"]

1. Nf3 d5 2. d4 Nf6 3. c4 c6 4. h3 Bf5 5. Qb3 Qb6 6. c5 Qxb3 7. axb3 Bxb1 8. Rxb1 Nbd7 9. b4 a6 10. Bf4 Ne4 11. e3 g6 12. Bd3 Bg7 13. Bh2 f5 14. Ra1 O-O 15. Ke2 Rae8 16. Ne5 Nxe5 17. Bxe5 Bxe5 18. dxe5 Ng5 19. f4 Ne6 20. h4 h5 21. g3 Nc7 22. Kd2 e6 23. Kc3 Rc8 24. Rhc1 Kf7 25. Kd4 Ke7 26. Ra3 Kd7 27. Rca1 Ra8 28. Kc3 Nb5+ 29. Bxb5 cxb5 30. Kd4 Rfc8 31. Rc3 Kc6 32. Ra5 Rf8 33. Kd3 Rfd8 34. Kd4 Rf8 35. Kd3 Rfd8 36. Kd4 Rf8 1/2-1/2


[Site "https://www.chess.com"]

[Event "Titled Tuesday Blitz March 28 Early 2023"]
[White "Deac, Bogdan-Daniel"]
[Black "Alekseenko, Kirill"]
[WhiteFideId "1226380"]
[BlackFideId "4135539"]
[WhiteElo "2649"]
[BlackElo "2683"]
[Result "1-0"]
[Round "06"]
[TimeControl "180+2"]
[Date "2023.03.28"]
[WhiteClock "0:00:09"]
[BlackClock "0:00:11"]

1. e4 e5 2. Nf3 Nc6 3. Bb5 a6 4. Bxc6 dxc6 5. Nc3 Qf6 6. d4 exd4 7. Qxd4 Qxd4 8. Nxd4 Bd7 9. Be3 O-O-O 10. O-O-O Ne7 11. Nb3 b6 12. Nd2 Ng6 13. Ne2 Be7 14. Nf4 Nxf4 15. Bxf4 Be6 16. a3 Rhe8 17. f3 f6 18. g4 Rh8 19. h4 h5 20. g5 fxg5 21. Bxg5 Bxg5 22. hxg5 Rdf8 23. Rh4 g6 24. Rdh1 Rh7 25. Kd1 Rd7 26. Ke2 Rfd8 27. Nb1 Ba2 28. Nc3 Rd2+ 29. Ke3 Be6 30. R4h2 R2d7 31. Ne2 Bf7 32. Nf4 a5 33. Nd3 Re8 34. f4 c5 35. Ne5 Rde7 36. Rd2 Kb7 37. Rf1 Rg8 38. Nxf7 Rxf7 39. f5 gxf5 40. Rxf5 Rxf5 41. exf5 Rxg5 42. Kf4 Rg1 43. f6 Rf1+ 44. Kg5 h4 45. Kg6 h3 46. Rh2 Rf3 47. f7 Kc6 48. Rxh3 Rxh3 49. f8=Q Re3 50. Qf6+ Kb7 51. Qf4 Re6+ 52. Kf7 Rd6 53. Ke7 Kb8 54. Qe4 Ka7 55. Qf3 Kb8 56. Qf8+ Kb7 57. Qf3+ Kb8 58. b3 Ka7 59. c3 Kb8 60. Qf4 Kb7 61. a4 Kb8 62. Qxd6 cxd6 63. Kxd6 Kb7 64. c4 Kb8 65. Kc6 Ka7 66. Kc7 Ka6 67. Kb8 b5 68. cxb5+ Kb6 69. Ka8 c4 70. bxc4 Kc5 71. Ka7 1-0


[Site "https://www.chess.com"]

[Event "Titled Tuesday Blitz March 28 Early 2023"]
[White "Danielyan, Vahe"]
[Black "Gholami Orimi, Mahdi"]
[WhiteFideId "13304828"]
[BlackFideId "12558486"]
[WhiteElo "2423"]
[BlackElo "2363"]
[Result "0-1"]
[Round "06"]
[TimeControl "180+2"]
[Date "2023.03.28"]
[WhiteClock "0:00:21"]
[BlackClock "0:00:23"]

1. e4 e5 2. Nf3 Nc6 3. Nc3 Nf6 4. Bb5 Bb4 5. O-O O-O 6. d3 d6 7. Bg5 Ne7 8. Bc4 c6 9. Re1 Ng6 10. Nh4 Kh8 11. Qf3 h6 12. Bxf6 Qxf6 13. Qxf6 gxf6 14. Nf3 Bg4 15. Nd2 Rad8 16. a3 Ba5 17. b4 Bb6 18. Bb3 Bd4 19. Ndb1 Nf4 20. Ra2 Rg8 21. Kf1 Nxg2 22. Kxg2 Be2+ 23. Kh3 Bf3 24. Nd1 Rg5 25. Bxf7 Rd7 26. Be6 Rdg7 27. Bf7 Rxf7 28. Nd2 Bxd1 29. Rxd1 Rfg7 30. Nf3 Rh5+ 31. Nh4 Bxf2 0-1


[Site "https://www.chess.com"]

[Event "Titled Tuesday Blitz March 28 Early 2023"]
[White "Ivic, Velimir"]
[Black "Bortnyk, Olexandr"]
[WhiteFideId "950122"]
[BlackFideId "14120828"]
[WhiteElo "2563"]
[BlackElo "2734"]
[Result "0-1"]
[Round "06"]
[TimeControl "180+2"]
[Date "2023.03.28"]
[WhiteClock "0:00:04"]
[BlackClock "0:01:46"]

1. e4 Nf6 2. e5 Nd5 3. d4 d6 4. Nf3 dxe5 5. Nxe5 c6 6. Be2 Bf5 7. O-O Nd7 8. Nf3 e6 9. a3 Bd6 10. Re1 h6 11. c4 N5f6 12. Nc3 O-O 13. h3 e5 14. dxe5 Nxe5 15. Be3 Nxf3+ 16. Bxf3 Qc7 17. Bd4 Rad8 18. b4 Rd7 19. Kh1 Bf4 20. Ne2 Rfd8 21. Qa4 Rxd4 22. Nxd4 Rxd4 23. Qxa7 Rxc4 24. Qa8+ Kh7 25. Rad1 Rc3 26. Rd8 Bxh3 27. Rh8+ Kg6 28. gxh3 Rxf3 29. Rg1+ Bg5 0-1


[Site "https://www.chess.com"]

[Event "Titled Tuesday Blitz March 28 Early 2023"]
[White "Nakamura, Hikaru"]
[Black "Moroni, Luca Jr"]
[WhiteFideId "2016192"]
[BlackFideId "865834"]
[WhiteElo "2879"]
[BlackElo "2569"]
[Result "1-0"]
[Round "06"]
[TimeControl "180+2"]
[Date "2023.03.28"]
[WhiteClock "0:00:36"]
[BlackClock "0:00:05"]

1. e4 e5 2. Bc4 d6 3. d3 g6 4. f4 exf4 5. Bxf4 Bg7 6. Nc3 Nc6 7. Nf3 Nge7 8. O-O Be6 9. Nd5 Bxd5 10. exd5 Nd4 11. c3 Nxf3+ 12. Qxf3 O-O 13. Bg5 Qd7 14. Bb5 c6 15. Bxe7 Qxe7 16. dxc6 bxc6 17. Bxc6 Rab8 18. Rae1 Qc7 19. Re2 Kh8 20. d4 Qd8 21. b4 Rc8 22. b5 Rc7 23. Rfe1 Rc8 24. Re8 Qf6 25. Qxf6 Bxf6 26. Rxf8+ Rxf8 27. Kf2 Kg7 28. a4 Bd8 29. Ke2 h5 30. Kd3 h4 31. c4 g5 32. c5 dxc5 33. dxc5 f5 34. Rb1 Rf6 35. Kc4 g4 36. Rd1 Rf8 37. Rd7+ Kg6 38. Rxa7 f4 39. Be4+ Kf6 40. b6 Ke5 41. Bd3 f3 42. gxf3 gxf3 43. b7 Bc7 44. Ra8 Rb8 45. c6 f2 46. a5 Kd6 47. Kb5 Kd5 48. h3 Kd4 49. Bf1 1-0


[Site "https://www.chess.com"]

[Event "Titled Tuesday Blitz March 28 Early 2023"]
[White "Movahed, Sina"]
[Black "Giri, Anish"]
[WhiteFideId "42520835"]
[BlackFideId "24116068"]
[WhiteElo "2225"]
[BlackElo "2807"]
[Result "0-1"]
[Round "06"]
[TimeControl "180+2"]
[Date "2023.03.28"]
[WhiteClock "0:00:14"]
[BlackClock "0:00:19"]

1. e4 c5 2. Nf3 Nc6 3. Bb5 e6 4. O-O Nge7 5. Re1 a6 6. Bxc6 Nxc6 7. c3 d5 8. exd5 Qxd5 9. d4 Be7 10. Be3 cxd4 11. Nxd4 O-O 12. Nd2 e5 13. Nxc6 Qxc6 14. Qf3 Qxf3 15. Nxf3 f6 16. a4 Bd7 17. a5 Bc6 18. Nd2 Rad8 19. Nc4 g5 20. Rad1 Ba4 21. Rxd8 Rxd8 22. f3 Kf7 23. Bb6 Rd7 24. Kf2 Bb5 25. Re4 h5 26. h4 gxh4 27. Rxh4 Kg6 28. b3 Rd3 29. g4 hxg4 30. Rxg4+ Kf7 31. Ne3 Rxc3 32. Nd5 Rc2+ 33. Ke1 Bd6 34. Rh4 Ke6 35. Ne3 Rb2 36. Nc4 Bb4+ 37. Kd1 Rxb3 38. Nd2 Bxd2 39. Kxd2 Rxf3 40. Rh7 Bc6 41. Ke2 Rf4 42. Ke3 f5 43. Rh6+ Kd5 44. Rf6 Re4+ 45. Kf2 f4 46. Bc7 Re3 47. Rd6+ Ke4 48. Re6 Kf5 49. Re7 Kf6 50. Bd8 Kg6 51. Bc7 Kf5 52. Bd6 Rf3+ 53. Ke2 e4 54. Re5+ Kg4 55. Be7 Rb3 56. Rg5+ Kh3 57. Bd6 Bb5+ 58. Ke1 Rb1+ 59. Kd2 e3+ 60. Kc2 e2 0-1


[Site "https://www.chess.com"]

[Event "Titled Tuesday Blitz March 28 Early 2023"]
[White "Kollars, Dmitrij"]
[Black "Harsha Bharathakoti"]
[WhiteFideId "12909572"]
[BlackFideId "5078776"]
[WhiteElo "2584"]
[BlackElo "2481"]
[Result "0-1"]
[Round "06"]
[TimeControl "180+2"]
[Date "2023.03.28"]
[WhiteClock "0:00:04"]
[BlackClock "0:00:18"]

1. e4 e6 2. d4 d5 3. Nc3 Be7 4. Nf3 Nf6 5. Bd3 c5 6. exd5 cxd4 7. Nxd4 exd5 8. O-O O-O 9. Re1 Nc6 10. Nf5 Bxf5 11. Bxf5 Re8 12. Bg5 d4 13. Bxf6 Bxf6 14. Ne4 g6 15. Nxf6+ Qxf6 16. Be4 Re5 17. Bxc6 Rxe1+ 18. Qxe1 Qxc6 19. Qd2 Rc8 20. Rc1 Qc4 21. h3 d3 22. c3 Re8 23. b3 Qd5 24. Rd1 Re2 25. Qf4 d2 26. Kh2 Qd3 27. Qc4 Qd6+ 28. f4 Re1 29. Qc8+ Kg7 30. Qg4 h5 31. Qf3 Rxd1 32. Qxd1 Qxf4+ 33. Kg1 Qe3+ 34. Kf1 Qxc3 35. Ke2 Qc1 36. Qxd2 Qxd2+ 37. Kxd2 Kf6 38. Ke3 Ke5 0-1


[Site "https://www.chess.com"]

[Event "Titled Tuesday Blitz March 28 Early 2023"]
[White "Moussard, Jules"]
[Black "Firouzja, Alireza"]
[WhiteFideId "642908"]
[BlackFideId "12573981"]
[WhiteElo "2610"]
[BlackElo "2904"]
[Result "0-1"]
[Round "06"]
[TimeControl "180+2"]
[Date "2023.03.28"]
[WhiteClock "0:00:01"]
[BlackClock "0:00:09"]

1. Nf3 d5 2. g3 c6 3. Bg2 Bg4 4. h3 Bh5 5. O-O e6 6. d4 Nd7 7. Nbd2 Bd6 8. e4 Ne7 9. Re1 O-O 10. c4 a5 11. b3 a4 12. Bb2 Bb4 13. Re3 Qa5 14. g4 Bg6 15. a3 Bxd2 16. Nxd2 axb3 17. Nxb3 Qa4 18. cxd5 cxd5 19. Nd2 Rfc8 20. exd5 Nxd5 21. Bxd5 exd5 22. Nf3 Bc2 23. Qe1 h6 24. Ne5 Nf8 25. Bc3 f6 26. Nf3 Ng6 27. Bb4 Qd7 28. Qf1 Be4 29. Nd2 f5 30. f3 f4 31. Ree1 Bc2 32. Rac1 Rc6 33. Qf2 Re8 34. h4 Bd3 35. Rxc6 Qxc6 36. h5 Nh8 37. Nb3 Nf7 38. Rxe8+ Qxe8 39. Nc5 Be2 40. Bd2 Ng5 41. Kh2 Nxf3+ 42. Kg2 Nxd2 43. Qxf4 Bf3+ 44. Kg3 Qe2 45. Qb8+ Kh7 46. g5 hxg5 47. Ne6 Qg2# 0-1


[Site "https://www.chess.com"]

[Event "Titled Tuesday Blitz March 28 Early 2023"]
[White "Svane, Rasmus"]
[Black "Koustav, Chatterjee"]
[WhiteFideId "4657101"]
[BlackFideId "25073060"]
[WhiteElo "2597"]
[BlackElo "2432"]
[Result "0-1"]
[Round "06"]
[TimeControl "180+2"]
[Date "2023.03.28"]
[WhiteClock "0:01:21"]
[BlackClock "0:01:43"]

1. Nf3 d5 2. g3 Nf6 3. Bg2 c6 4. O-O Bf5 5. c4 e6 6. Qb3 Qb6 7. d3 Nbd7 8. cxd5 exd5 9. Qc2 Be7 10. Nc3 O-O 11. e4 dxe4 12. dxe4 Bg6 13. Nh4 Rad8 14. h3 Rfe8 15. Kh2 Bb4 16. Be3 Qa5 17. Nxg6 hxg6 18. f3 Qh5 19. Rad1 Ne5 20. Rxd8 Rxd8 21. Ne2 Neg4+ 22. fxg4 Nxg4+ 23. Kh1 Nxe3 24. Qd1 Rxd1 0-1


[Site "https://www.chess.com"]

[Event "Titled Tuesday Blitz March 28 Early 2023"]
[White "Vidit, Santosh Gujrathi"]
[Black "Salinas Herrera, Pablo"]
[WhiteFideId "5029465"]
[BlackFideId "3407128"]
[WhiteElo "2651"]
[BlackElo "2550"]
[Result "1-0"]
[Round "06"]
[TimeControl "180+2"]
[Date "2023.03.28"]
[WhiteClock "0:00:34"]
[BlackClock "0:00:20"]

1. e4 c5 2. Nf3 e6 3. Nc3 a6 4. d4 cxd4 5. Qxd4 Nc6 6. Qe3 d6 7. Be2 Nf6 8. O-O Be7 9. Rd1 Qc7 10. a4 O-O 11. Bd2 b6 12. h3 Bb7 13. Qf4 Rac8 14. Qg3 Nb4 15. Bh6 Ne8 16. Rd2 d5 17. e5 f5 18. Nd4 Qd7 19. h4 Nc6 20. Bh5 Bxh4 21. Qxh4 gxh6 22. Nxc6 Rxc6 23. Ne2 Ng7 24. Bf3 Qc7 25. Nd4 Rc4 26. Be2 Qxe5 27. Bxc4 dxc4 28. Re2 Be4 29. c3 Qf6 30. Qxf6 Rxf6 31. f3 Bd5 32. Rd1 h5 33. Nc2 Bc6 34. Rd6 Bxa4 35. Rxb6 Bxc2 36. Rxc2 f4 37. Re2 Kf7 38. Re4 e5 39. Rxf6+ Kxf6 40. Rxc4 h4 41. Rc6+ Kf5 42. Rxa6 Ne6 43. b4 Ng5 44. b5 h3 45. b6 e4 46. fxe4+ 1-0


[Site "https://www.chess.com"]

[Event "Titled Tuesday Blitz March 28 Early 2023"]
[White "Wei, Yi"]
[Black "Chigaev, Maksim"]
[WhiteFideId "8603405"]
[BlackFideId "4108116"]
[WhiteElo "2686"]
[BlackElo "2547"]
[Result "0-1"]
[Round "06"]
[TimeControl "180+2"]
[Date "2023.03.28"]
[WhiteClock "0:00:06"]
[BlackClock "0:00:08"]

1. c4 e5 2. g3 Nc6 3. Bg2 g6 4. Nc3 Bg7 5. Rb1 a5 6. a3 d6 7. b4 axb4 8. axb4 f5 9. b5 Nce7 10. e3 Nf6 11. Nge2 O-O 12. O-O c6 13. d3 h6 14. e4 g5 15. exf5 Bxf5 16. Rb3 Qd7 17. d4 e4 18. bxc6 bxc6 19. d5 c5 20. Bb2 Ng6 21. Nb5 Bh3 22. f4 exf3 23. Rbxf3 Bxg2 24. Kxg2 Ng4 25. Qb1 Rxf3 26. Rxf3 N6e5 27. Bxe5 Nxe5 28. Rc3 Rf8 29. Ng1 h5 30. Qe4 Qf7 31. Kh1 Ng4 32. Rf3 Nf2+ 33. Rxf2 Qxf2 34. Nxd6 Qf6 35. Ne8 Qe5 0-1


[Site "https://www.chess.com"]

[Event "Titled Tuesday Blitz March 28 Early 2023"]
[White "Sarana, Alexey"]
[Black "Kovalev, Vladislav"]
[WhiteFideId "24133795"]
[BlackFideId "13504398"]
[WhiteElo "2714"]
[BlackElo "2555"]
[Result "1-0"]
[Round "06"]
[TimeControl "180+2"]
[Date "2023.03.28"]
[WhiteClock "0:00:03"]
[BlackClock "0:00:01"]

1. d4 Nf6 2. c4 g6 3. Nc3 Bg7 4. e4 d6 5. Be2 O-O 6. Be3 a5 7. Nf3 a4 8. O-O a3 9. b3 c5 10. Qc2 Na6 11. Rad1 Qa5 12. h3 Nb4 13. Qb1 b6 14. Rfe1 Bb7 15. d5 Nd7 16. Bd2 Ne5 17. Nxe5 Bxe5 18. Nb5 Bb2 19. Kh2 Ba6 20. f4 Bxb5 21. cxb5 Qa7 22. Bc4 Qc7 23. Re2 Rae8 24. Rf1 e6 25. dxe6 fxe6 26. Bxb4 cxb4 27. Qd3 Kg7 28. h4 d5 29. exd5 Rxf4 30. Rxf4 Qxf4+ 31. g3 Qd6 32. dxe6 Qxd3 33. Bxd3 Kf6 34. Bc4 Ke7 35. Kh3 Bc3 36. Kg4 Rd8 37. Rf2 Bf6 38. Kh3 Rd1 39. g4 h6 40. g5 hxg5 41. hxg5 Bxg5 42. Rf7+ Kd8 43. Rb7 Rd2 44. Rxb6 Rxa2 45. Ra6 Ra1 46. b6 a2 47. b7 Kc7 48. Ra7 Rh1+ 49. Kg4 a1=Q 50. Rxa1 Rxa1 51. Kxg5 Kxb7 52. e7 Re1 53. Kf6 g5 54. Bb5 1-0


[Site "https://www.chess.com"]

[Event "Titled Tuesday Blitz March 28 Early 2023"]
[White "demon64fields"]
[Black "Sadhwani, Raunak"]
[BlackFideId "35093487"]
[WhiteElo "2858"]
[BlackElo "2631"]
[Result "1/2-1/2"]
[Round "06"]
[TimeControl "180+2"]
[Date "2023.03.28"]
[WhiteClock "0:00:05"]
[BlackClock "0:00:05"]

1. Nf3 d5 2. g3 Nc6 3. d4 Bf5 4. Bg2 Nb4 5. Na3 e6 6. O-O Be7 7. c3 Nc6 8. Qb3 Rb8 9. Qa4 Qd7 10. Bf4 Nf6 11. Nb5 O-O 12. Nxc7 a6 13. Nxd5 exd5 14. Bxb8 Rxb8 15. Rac1 Be4 16. Nd2 Bxg2 17. Kxg2 h5 18. h4 Re8 19. Rfe1 Qf5 20. Qc2 Qd7 21. e4 dxe4 22. Nxe4 Ng4 23. Nd2 Rc8 24. Qe4 Bf6 25. Qf3 b5 26. Ne4 Be7 27. Rcd1 Rf8 28. b4 Qc8 29. Nc5 Bd6 30. Qd5 Bxc5 31. bxc5 g6 32. Qe4 Nf6 33. Qf3 Kg7 34. d5 Na5 35. c6 Qc7 36. Rd4 Rd8 37. Red1 Rd6 38. a4 Nc4 39. axb5 axb5 40. Qf4 Qd8 41. Qf3 Qc7 42. Rb1 Nb6 43. Rxb5 Nbxd5 44. Rbxd5 Nxd5 45. Rxd5 Rxc6 46. Rd3 Rc4 47. Qd5 Kg8 48. Qd8+ Qxd8 49. Rxd8+ Kg7 50. Rd3 f6 51. Kf3 g5 52. hxg5 fxg5 53. Ke2 Kg6 54. Re3 h4 55. gxh4 gxh4 56. Kd3 Rf4 57. Re4 Rf3+ 58. Re3 Rxf2 59. c4 Kg5 60. c5 Rf6 61. Kd4 Kf4 62. Re4+ Kg3 63. Kd5 h3 64. Re1 h2 65. c6 Rxc6 66. Kxc6 Kg2 67. Re2+ Kg1 68. Rxh2 Kxh2 1/2-1/2


[Site "https://www.chess.com"]